[Event "Hungarian Youth-ch U18 2022"]
[Site "Eger"]
[Date "2022.07.26"]
[Round "4.7"]
[White "Sulyok, Eszter"]
[Black "Juhasz, Judit"]
[Result "1-0"]
[ECO "E83"]
[WhiteElo "2091"]
[BlackElo "2037"]
[Annotator "TA"]
[PlyCount "77"]
[EventDate "2022.07.21"]
[EventType "tourn"]
[EventCountry "HUN"]
[SourceTitle "playchess.com"]
[Source "ChessBase"]
[SourceQuality "1"]
[TimeControl "40/5400+30:1800+30"]

1. d4 Nf6 2. c4 g6 3. Nc3 Bg7 4. e4 d6 5. f3 O-O 6. Be3 Nc6 7. Qd2 e5 8. Nge2 Nd7 9. d5 Ne7 10. g4 f5 11. gxf5 {[%emt 0:15:46] White is more active. E85: King's Indian: Sämisch: 6...e5.} gxf5 12. Bg5 Nf6 13. O-O-O {[%emt 0:08:37] White is better.} a6 14. h4 b5 15. a3 Rb8 16. h5 b4 17. axb4 Rxb4 18. h6 Bh8 19. Ng3 (19. Rg1 $142 {Black must now prevent Bxf6+.} Kf7 20. exf5) 19... f4 $16 20. Nh5 Nxh5 21. Rxh5 {[%emt 0:00:47][%cal Oc3b5] [#]} Qe8 $146 {[%emt 0:01:08] [#] Inhibits Nb5.} ({Predecessor:} 21... Bf6 22. Bd3 Kh8 23. Rg1 Ng6 24. Bxf6+ Rxf6 25. Kc2 c5 26. dxc6 Rxb2+ 27. Kxb2 Qb6+ {1-0 (42) Sande,O (2522)-Werner,E (2484) ICCF email 1999}) 22. Bxe7 $1 Qxh5 (22... Qxe7 23. Kc2) 23. Qg2+ Qg6 $1 24. Qxg6+ hxg6 25. Bxf8 (25. h7+ {looks sharper.} Kf7 26. Bxf8 Kxf8 27. Bd3) 25... Kxf8 26. c5 Bf6 27. c6 ({White should try} 27. Kc2 $1 $14) 27... Bg5 $2 {[%emt 0:00:44] [#]} (27... Kg8 $11 {and Black stays safe.}) 28. Kc2 $1 $18 ({And not} 28. Na2 Rb8 $11) 28... Bxh6 (28... Kg8 $142) 29. Ra1 {[%emt 0:00:47][%cal Oc3b5] And now Nb5! would win.} Rb6 {[%emt 0:02:10] [#] Against Nb5} (29... Rb8 30. b4 (30. Bxa6 Ra8 $11) 30... Bg5) 30. Nb5 $1 Bg5 (30... axb5 $2 31. Ra8 Kg7 32. Rxc8) (30... Rxb5 31. Bxb5 Bg5 32. Bxa6 Bxa6 33. Rxa6) (30... Bb7 31. cxb7) 31. Nxc7 Bh4 (31... Ke7 $142 32. Bxa6 Kd8 33. Bxc8 Kxc7) 32. Bxa6 Bxa6 33. Rxa6 Rxa6 34. Nxa6 {[%emt 0:00:30] KB-KN} Ke7 35. Nb8 Kd8 36. Nd7 (36. b4 $142 Kc7 37. Nd7 Be1 38. b5 Bf2 39. b6+ Bxb6 40. Nxb6 Kxb6 41. Kd3) 36... Kc7 37. b4 {[%emt 0:00:30][%cal Bb2b4,Bb4b5,Bb5b6][%mdl 32] White mates.} Bf2 38. b5 g5 39. b6+ {[%emt 0:00:30] Weighted Error Value: White=0.09 (flawless) /Black=0.83} 1-0

[Event "Hungarian Youth-ch U18 2022"]
[Site "Eger"]
[Date "2022.07.27"]
[Round "5.1"]
[White "Virag, Balint"]
[Black "Baski, Barnabas"]
[Result "1-0"]
[ECO "C84"]
[WhiteElo "2164"]
[BlackElo "2142"]
[Annotator "TA"]
[PlyCount "85"]
[EventDate "2022.07.21"]
[EventType "tourn"]
[EventCountry "HUN"]
[SourceTitle "playchess.com"]
[Source "ChessBase"]
[SourceQuality "1"]
[TimeControl "40/5400+30:1800+30"]

1. e4 e5 2. Nf3 Nc6 3. Bb5 a6 4. Ba4 Nf6 5. O-O Be7 6. d3 b5 7. Bb3 d6 8. a4 Bd7 9. h3 {[%emt 0:01:25] C84: Closed Ruy Lopez: Unusual White 6th moves.} O-O 10. c3 Na5 11. Bc2 {[%emt 0:00:24] The position is equal.} c5 12. d4 Qc7 {[%emt 0:05:17] [#]} 13. b4 $146 (13. d5 $11 {keeps the balance.}) ({Predecessor:} 13. d5 c4 14. Re1 Nb7 15. Nbd2 Rfe8 16. Nf1 Nc5 17. Ne3 Rab8 18. axb5 axb5 19. Nh4 Ncxe4 {0-1 (64) Sukandar,I (2392)-Nithyalakshmi,S (1945) Chess.com INT 2022}) 13... cxb4 $1 $17 14. cxb4 Nc6 15. Ba3 exd4 16. axb5 axb5 17. Re1 Nxb4 18. Nxd4 Nxc2 19. Nxc2 Rfe8 20. Nd2 Ra4 21. Rc1 Qb7 22. Bb4 Bf8 23. f3 Be6 {[%emt 0:08:03] Hoping for ...Rc8.} 24. Nb1 d5 25. Bxf8 Rxf8 26. Nc3 {[%emt 0:00:08] [#]} Raa8 ({Not} 26... dxe4 27. Nxa4 bxa4 28. fxe4 $11) (26... Rc4 $1 $17 27. exd5 Qb6+ 28. Ne3 {[#]} Nxd5 $1 29. Ncxd5 Bxd5 30. Rxc4 Bxc4) 27. e5 $1 $15 Ne8 28. Rb1 Nc7 29. Qd3 {[%emt 0:01:35][%cal Rc3b5] Against Bf5} Rab8 (29... g6 $5 ) 30. Rb2 d4 31. Qxd4 Rfd8 32. Qc5 (32. Qf2 $14) 32... Na6 33. Qe3 Bc4 (33... b4 $15) 34. Ne4 $11 Rd3 35. Qg5 (35. Qf2 $5 ) 35... Qa7+ 36. Kh1 Nc5 37. Nb4 {[%emt 0:08:29] Black must now prevent Nf6+. Pair of Knights!} h6 38. Qh4 {[%emt 0:04:07] Threatens to win with Nc6.} (38. Qf4 $5 Rdd8 39. Qe3 $16) 38... Nxe4 $1 39. Nxd3 Bxd3 40. fxe4 Qd4 $2 ({Black should try} 40... Bc4 $14) 41. Rd2 $18 Qc4 $2 (41... Qc3 42. Qf4 Qb4) 42. e6 fxe6 43. Qg3 {[%emt 0:00:14][%csl LRb8,LRd3] Quite a comeback for White.  Weighted Error Value: White=0.16 (very precise) /Black=0.32} 1-0

[Event "Hungarian Youth-ch U18 2022"]
[Site "Eger"]
[Date "2022.07.27"]
[Round "5.2"]
[White "Juhasz, Agoston"]
[Black "Daroczi, Donat"]
[Result "1-0"]
[ECO "C11"]
[WhiteElo "2344"]
[BlackElo "2163"]
[Annotator "TA"]
[PlyCount "99"]
[EventDate "2022.07.21"]
[EventType "tourn"]
[EventCountry "HUN"]
[SourceTitle "playchess.com"]
[Source "ChessBase"]
[SourceQuality "1"]
[TimeControl "40/5400+30:1800+30"]

1. e4 e6 2. d4 d5 3. Nc3 Nf6 4. Bg5 dxe4 5. Nxe4 Be7 6. Nxf6+ Bxf6 7. Bxf6 Qxf6 8. Nf3 O-O 9. Qd3 $1 {[%emt 0:00:18][%mdl 4] is more profitable than 9.Bd3 at the moment. C13: French: Classical System: 4 Bg5 Be7, Alekhine-Chatard Attack.} c5 10. O-O-O Rd8 11. Qe4 {[%emt 0:01:30] The position is equal.} Nc6 12. Bd3 $1 Qh6+ 13. Kb1 Nxd4 14. Rhe1 {[%emt 0:02:08] [#]} Rb8 $146 ({Predecessor:} 14... a5 15. Ne5 f6 16. Nc4 e5 17. Ne3 Be6 18. Qxb7 Qf4 19. f3 Rab8 20. Qa6 Kh8 21. c3 {½-½ (21) Kruse,H (2636)-Bernal Varela,N (2401) FICGS email 2018}) 15. Qe5 Bd7 (15... Nxf3 $5 16. gxf3 Bd7 $15) 16. Be4 Bc6 17. Nxd4 Bxe4 18. Rxe4 {[%emt 0:02:36][%cal Od1d3] Rd3! is the strong threat.} Rbc8 19. Rd3 $1 {[%emt 0:12:16][%cal Od4f5] Threatens to win with Nf5!} cxd4 20. Rexd4 Rxd4 21. Qxd4 $14 {[%emt 0:00:36][%cal Od4d8][%mdl 4096] Endgame KQR-KQR} g6 22. h4 (22. h3 $16) 22... Qh5 $11 23. Qe4 {[%emt 0:11:34] Prevents Qe2.} Qb5 24. a4 Qb6 25. Qd4 Qxd4 26. Rxd4 {[%emt 0:00:02] next Rd7 is good for White. KR-KR} Rc7 {[%emt 0:00:01] Against Rd7} 27. b4 f5 28. Kb2 Kf7 29. Rd8 e5 30. a5 e4 31. g3 a6 (31... Ke7 $11 32. Rb8 Kd6) 32. c4 $16 h6 33. Rd6 ({White should try} 33. Kc3 $16) 33... Kg7 $2 {[%emt 0:08:59][%mdl 8192] Loses the game.} (33... Rxc4 $11 {and Black has nothing to worry.} 34. Rd7+ Ke6 35. Rxb7 g5) 34. Kc3 $18 g5 {[%emt 0:00:08] [#]} 35. h5 $1 Rf7 $2 (35... f4 {is a better defense.} 36. gxf4 gxf4 37. Rg6+ Kf7) 36. Rg6+ Kf8 37. Kd4 Rd7+ 38. Ke5 Rd2 39. Kxf5 Rxf2+ 40. Kxe4 Rc2 41. Kd4 Rg2 42. Rxh6 Rxg3 43. Rb6 g4 44. Rxb7 {[%emt 0:00:18] Threatening mate with b5.} Rh3 45. b5 g3 46. Ke3 ({Weaker is} 46. bxa6 g2 47. Rb1 Rh4+ 48. Ke3 Rxh5 $14) 46... Rxh5 47. bxa6 {[%emt 0:02:14] White mates.} Rxa5 48. a7 Ra3+ {[%emt 0:00:06] [#]} 49. Ke2 $1 Ra2+ 50. Kf1 {[%emt 0:00:14] Weighted Error Value: White=0.10 (very precise) /Black=0.49} 1-0

[Event "Hungarian Youth-ch U18 2022"]
[Site "Eger"]
[Date "2022.07.27"]
[Round "5.3"]
[White "Forgacs, Attila Jr."]
[Black "Karacsonyi, Gellert"]
[Result "0-1"]
[ECO "B12"]
[WhiteElo "2215"]
[BlackElo "2338"]
[Annotator "TA"]
[PlyCount "96"]
[EventDate "2022.07.21"]
[EventType "tourn"]
[EventCountry "HUN"]
[SourceTitle "playchess.com"]
[Source "ChessBase"]
[SourceQuality "1"]
[TimeControl "40/5400+30:1800+30"]

1. e4 c6 2. d4 d5 3. e5 c5 4. dxc5 e6 5. a3 Bxc5 6. b4 {[%emt 0:01:01] B12: Caro-Kann: Advance Variation.} Be7 7. Nf3 a5 8. b5 {[%emt 0:02:21] The position is equal.} (8. Bb5+ Bd7 9. Bxd7+ Nxd7 $15) 8... Nd7 9. Bb2 Nh6 10. c4 dxc4 11. Bxc4 b6 12. O-O Bb7 {[%emt 0:03:12] [#]} 13. Nbd2 $146 ({Predecessor:} 13. Qe2 Rc8 14. Nbd2 O-O 15. Ne4 Rc7 16. Nd6 Bxf3 17. gxf3 Nxe5 18. Bxe5 Bxd6 19. Rfd1 {½-½ (38) Tarasenko,I (2005)-Den,D (2166) Tuapse 2022}) 13... a4 14. Qe2 Nc5 15. Rfd1 Qc7 16. Nd4 O-O 17. N2f3 (17. Rac1 {seems wilder.} Rad8 18. h3 Bg5 19. g3) 17... Rac8 18. Rac1 Qb8 19. h3 Rfd8 20. Ba2 Qa8 21. Bb1 g6 22. Qe3 Bf8 23. Nh4 ({Better is} 23. g4 $14) 23... Bg7 ({Black should try} 23... Nb3 $15 24. Nxb3 Rxd1+ 25. Rxd1 axb3) 24. f4 (24. g4 $11) 24... Kh8 (24... Nb3 $5 25. Nxb3 Rxd1+ 26. Rxd1 axb3 $11) 25. g4 (25. Bc2 $11) 25... Ng8 (25... Nb3 $1 $15 26. Rxc8 (26. Nxb3 Rxc1 27. Rxc1 axb3 $15) 26... Qxc8) 26. f5 (26. Rf1 $11 {remains equal.}) 26... gxf5 $17 27. gxf5 (27. Qf2 $17) 27... Bh6 $19 28. Qe2 (28. Qf2 $142) 28... Ne7 {[%emt 0:02:17] And now ...Rg8+ would win.} 29. f6 $2 (29. Rf1 Rg8+ 30. Kh2) 29... Rg8+ 30. Kf1 Be4 $2 31. Nc6 $2 {[%emt 0:03:41][%mdl 8192] This costs White the game.} (31. fxe7 $2 Bd3 $1 32. Nc6 (32. Bxd3 Qh1+ 33. Kf2 Qh2+ 34. Ke1 Rg1+) 32... Bxe2+ $19) (31. Bxe4 $17 {was the crucial defense.} Nxe4 32. Rxc8 Nxc8 33. Qc2) 31... Bxb1 (31... Bxc6 $142 32. bxc6 Qxc6 $1) 32. fxe7 Rxc6 (32... Bxc1 33. Bxc1 Rxc6 34. bxc6 Qxc6 35. Qf3 $17) 33. bxc6 {[%emt 0:01:12] [#]} Qxc6 $1 {[%emt 0:03:11] The board is on fire.} 34. Nf3 (34. Rxb1 {gets mated.} Qh1+ 35. Kf2 Qh2+) (34. Rd8 Qh1+) 34... Bxc1 35. Rxc1 Bf5 ({Resist} 35... Bd3 36. Qxd3 Qb7 {[#]} 37. Rxc5 $1 bxc5 38. e8=Q Rxe8 39. Ng5 $1 $18) 36. Rd1 {[%emt 0:01:10] Inhibits Qd7.} Qb7 37. Bc1 {[%emt 0:00:47] Bg5 is the strong threat.} Qxe7 38. h4 (38. Bf4 $142) 38... Ne4 39. Qc4 Qb7 {[%emt 0:01:18][%cal Oe4d2] ( -> ...Nd2+!)} 40. Bf4 {[%emt 0:00:00] [#] Prevents Nd2+.} Nd2+ $1 41. Nxd2 Qh1+ 42. Ke2 Bg4+ (42... Rg2+ $142 43. Ke3 Qxd1) 43. Kf2 Qxd1 44. Qd3 {[%emt 0:07:38] Inhibits Bh3.} Bf5 45. Qd7 Qg1+ 46. Kf3 Qg2+ (46... Qh1+ $142 47. Ke3 Qe1+ 48. Kd4 Qg1+ 49. Be3 Rg4+ 50. Ne4 Rxe4+ 51. Kd3 Qxe3+ 52. Kc2 Rd4+ 53. Kb2 Qb3+ 54. Kc1 Qxa3#) 47. Ke3 Qh3+ 48. Nf3 Bg4 {[%emt 0:00:23] Weighted Error Value: White=0.84/Black=0.34} 0-1

[Event "Hungarian Youth-ch U18 2022"]
[Site "Eger"]
[Date "2022.07.27"]
[Round "5.4"]
[White "Toth, Nikoletta"]
[Black "Juhasz, Judit"]
[Result "1/2-1/2"]
[ECO "A05"]
[WhiteElo "1914"]
[BlackElo "2037"]
[Annotator "TA"]
[PlyCount "89"]
[EventDate "2022.07.21"]
[EventType "tourn"]
[EventCountry "HUN"]
[SourceTitle "playchess.com"]
[Source "ChessBase"]
[SourceQuality "1"]
[TimeControl "40/5400+30:1800+30"]

1. Nf3 Nf6 2. g3 g6 3. b3 Bg7 4. Bb2 d6 5. d4 O-O 6. Bg2 b5 {[%emt 0:00:05] [#] A49: 1 d4 Nf6 2 Nf3 g6 3 g3: Anti-King's Indian systems.} 7. Nh4 $146 ({Predecessor:} 7. Ne5 dxe5 8. Bxa8 c6 9. a4 b4 10. dxe5 Nd5 11. Qd4 Nb6 12. Qxb4 Na6 13. Qe4 Nxa8 14. Qxc6 {0-1 (54) Jones,G (2672)-Sadhwani,R (2616) Chess.com INT 2022}) 7... c6 8. O-O Bb7 9. c4 a6 10. e4 Nbd7 11. Nd2 (11. e5 Ne8 12. Na3) 11... Qc7 12. f4 e5 (12... Ne8) ({Black should try} 12... Ne8 $11) 13. Nhf3 $2 (13. c5) (13. c5 $1 $14 {stays ahead.}) 13... exf4 $17 14. gxf4 Nh5 15. Ne1 c5 16. Nc2 (16. Rc1) (16. Nd3 $17 {is a better defense.}) 16... cxd4 (16... f5 17. Ne3) (16... f5 17. Ne3) 17. Nb4 (17. Nxd4 Qb6 18. e5 Bxg2 19. Kxg2 dxe5) (17. Bxd4 Bxd4+ 18. Nxd4) ({Of course not} 17. Nxd4 Qb6 18. e5 Bxg2 19. Kxg2 dxe5) (17. Bxd4 $142 Bxd4+ 18. Nxd4) 17... Nc5 $19 18. cxb5 a5 (18... axb5 19. f5 Be5) (18... axb5 $19 {has better winning chances. White must now prevent ...f5.} 19. f5 Be5) 19. Nd5 $17 Bxd5 20. exd5 Nd3 21. Ba3 Ndxf4 {[%emt 0:09:29] Hoping for ...d3.} 22. Nc4 Rfd8 (22... Be5 23. b6 Qd8) (22... Be5 $17 {And now ...d3 would win.} 23. Nxe5 dxe5 24. Bxf8 Rxf8) 23. Qf3 (23. b6 Qb7 24. Bxd6 Rxd6 25. Nxd6 Qxb6 26. Nc4) (23. b6 $15 Qb7 24. Bf3) 23... d3 24. Rad1 a4 $36 {[%emt 0:01:20][%mdl 2048] Black is on the roll.} 25. Kh1 (25. b6 Qb8 26. Bc1) 25... axb3 26. axb3 {[%emt 0:00:05] [#]} Rxa3 $1 27. Nxa3 Qc5 {[%emt 0:00:55][%mdl 64] Deflection} (27... Qc3 28. Rb1 Qc5) 28. Nc4 Qxb5 29. Rb1 (29. Qe4 Be5 30. Nxe5 dxe5 31. Qxe5 Nxg2 32. Kxg2) (29. Qe4 $17 Be5 30. Nxe5 dxe5 31. Qxe5 Nxg2 32. Kxg2) 29... Qc5 (29... Be5 $19 30. Na3 Qb4) 30. Qe4 {[%emt 0:00:38] [#]} (30. Qf2 $17) 30... f5 $1 $19 31. Qe3 Bd4 ({And not} 31... Qxe3 32. Nxe3 Rc8 33. Bf3) 32. Qd2 Nxd5 {[%emt 0:04:12] Pair of Knights!} (32... Nxg2 $19 33. Qxg2 Be5) 33. Rxf5 $11 Nhf6 (33... gxf5 $11 34. Qg5+ Kf7 35. Qxd8 Nhf6) 34. Qg5 (34. Bxd5+ Nxd5 35. Qg5) ({Better is} 34. Bxd5+ Nxd5 35. Qg5) 34... Be5 $16 35. Nxe5 {[%emt 0:01:13][%mdl 64] Remove Defender. The board is on fire.} dxe5 36. Rxf6 Nxf6 37. Qxf6 Rf8 (37... Qd4 $1 $14) 38. Qe6+ $18 Kh8 39. Qd5 $2 ({Only move:} 39. Rf1 $18) 39... Qxd5 $11 40. Bxd5 {[%emt 0:00:00] KRB-KR} Rd8 $2 {[%emt 0:00:00][%mdl 8192] [#]} (40... Rf4 $1 $11) 41. Bc4 $1 $18 e4 42. Rd1 $2 (42. Kg2 $18) 42... Kg7 $1 $11 {[%emt 0:03:55] The position is equal.} 43. Kg2 {[%emt 0:08:11] Strongly threatening Kf2.} Kf6 $1 44. Kf2 Ke5 45. Ke3 {[%emt 0:20:58] Quite a comeback for White.  Weighted Error Value: White=0.47/Black=0.47} 1/2-1/2

[Event "Hungarian Youth-ch U18 2022"]
[Site "Eger"]
[Date "2022.07.27"]
[Round "5.5"]
[White "Buri, Kata"]
[Black "Sulyok, Eszter"]
[Result "1-0"]
[ECO "B41"]
[WhiteElo "1730"]
[BlackElo "2091"]
[Annotator "TA"]
[PlyCount "63"]
[EventDate "2022.07.21"]
[EventType "tourn"]
[EventCountry "HUN"]
[SourceTitle "playchess.com"]
[Source "ChessBase"]
[SourceQuality "1"]
[TimeControl "40/5400+30:1800+30"]

1. e4 c5 2. Nf3 e6 3. d4 cxd4 4. Nxd4 a6 5. c4 Nf6 6. Nc3 Qc7 7. Qd3 d6 {[%emt 0:03:12] B41: Sicilian: Kan Variation: 5 c4.} 8. Be2 b6 9. Bg5 Bb7 {[%emt 0:06:17] [#] White is slightly better.} 10. Bxf6 $146 ({Predecessor:} 10. O-O Nbd7 11. f4 Nc5 12. Qe3 Ncxe4 13. Bxf6 Nxf6 {½-½ (13) Glasz,A-Bolvary,T (2010) Hungary 2004}) 10... gxf6 11. f4 Nd7 (11... Nc6 $142) 12. b4 $2 {[%emt 0:02:52] [#]} (12. f5 $16) 12... d5 $1 $15 13. exd5 Qxf4 (13... Bxb4 $15 14. O-O Bxc3 15. Qxc3 Bxd5) 14. dxe6 $2 {[%emt 0:03:05] Active counter play!} (14. Rf1 $14 {keeps the upper hand.} Qxh2 15. dxe6) 14... fxe6 $2 (14... Ne5 $17 {stays on course.} 15. Qd2 Qxd2+ 16. Kxd2 Rd8) 15. Nxe6 $40 {[%emt 0:13:21][%mdl 128] White attacks with force.} (15. Bh5+ $142 Ke7 16. Rd1 (16. Nf3 $2 Ne5 $19) 16... Qe5+ 17. Nce2 (17. Nde2 Rd8 $11)) 15... Qe5 $18 16. O-O-O $4 Qxe6 $19 17. Bh5+ Kd8 $4 (17... Ke7 $19 18. Bf7 (18. Rhe1 $2 Ne5 $19) 18... Ne5 19. Bxe6 Nxd3+ 20. Rxd3 Kxe6) 18. Rhe1 $18 Bh6+ 19. Kb1 Qc6 20. Bg4 Bc8 21. Bf3 {[%emt 0:02:13][%mdl 64] [#] Skewer, Deflection} Qc7 22. Bxa8 Bg7 23. Qe4 Qe5 24. Qf3 Qxh2 25. Qc6 {[%emt 0:02:41] White mates.} Qb8 26. Nd5 Re8 27. Rxe8+ Kxe8 28. Qe6+ Kf8 29. Re1 Ne5 30. Qe7+ Kg8 31. Nxf6+ Bxf6 32. Bd5+ {[%emt 0:00:52] Weighted Error Value: White=1.04/Black=1.41} 1-0

[Event "Hungarian Youth-ch U18 2022"]
[Site "Eger"]
[Date "2022.07.27"]
[Round "5.6"]
[White "Somogyi, Barbara"]
[Black "Ivan, Reka Gyongyver"]
[Result "1/2-1/2"]
[ECO "B10"]
[WhiteElo "1682"]
[BlackElo "1877"]
[Annotator "NA RC COMBH"]
[PlyCount "109"]
[EventDate "2022.07.21"]
[EventType "tourn"]
[EventCountry "HUN"]
[SourceTitle "playchess.com"]
[Source "ChessBase"]
[SourceQuality "1"]
[TimeControl "40/5400+30:1800+30"]

1. e4 c6 2. c4 d5 3. exd5 cxd5 4. cxd5 Nf6 5. Bb5+ Nbd7 6. Nc3 g6 7. d4 Bg7 8. Nf3 O-O 9. Bxd7 {[%emt 0:05:05] was the old line (9.0-0).} Qxd7 10. Ne5 Qd6 {[%emt 0:00:53] [#]} 11. f4 $146 ({Predecessor:} 11. Qf3 $1 $11 Qb4 12. O-O Qxd4 13. Re1 Bf5 14. Bg5 Rad8 15. Rad1 Qb4 16. Qe2 h6 17. Be3 {1-0 (44) Can,I (2374)-Erdogan,A (2116) Konya 2019}) 11... Nxd5 12. O-O Bf5 13. Nxd5 (13. Rf2 $142) 13... Qxd5 14. Be3 Rac8 15. Qa4 ({Better is} 15. Qb3 Be4 16. Qxd5 Bxd5 17. Rfc1) 15... Rc2 16. Rf2 Rxf2 17. Kxf2 Rc8 18. Rc1 Rxc1 19. Bxc1 Be4 20. Qe8+ Bf8 21. Nd7 $1 Qxd4+ 22. Kg3 Qg7 23. Be3 b6 24. a4 Bc6 25. Qxf8+ Qxf8 26. Nxf8 Kxf8 27. b3 Bd5 28. b4 Bc6 29. a5 bxa5 30. bxa5 a6 31. Kf2 h5 32. g3 Ke8 33. Bb6 Kd7 34. Ba7 Ke6 35. Bc5 Kd7 (35... Kf6 $15) 36. Ba7 Kd6 37. Bb8+ Kd5 38. Ke3 f6 39. Bc7 e5 40. fxe5 fxe5 41. Bb6 Kc4 42. Bd8 e4 43. Bf6 Kb4 44. Bd8 $1 Kc3 45. Be7 Kc2 46. h4 Kd1 47. Bb4 Bb7 48. Bc3 Kc2 49. Be1 Kb3 50. Bd2 $11 Kc4 51. Be1 Kd5 52. Bc3 Bc6 53. Bd4 Ke6 54. Bb6 Kf5 55. Bc7 1/2-1/2

[Event "Hungarian Youth-ch U18 2022"]
[Site "Eger"]
[Date "2022.07.27"]
[Round "5.7"]
[White "Koltai, Dora"]
[Black "Kiss, Eniko"]
[Result "1-0"]
[ECO "B54"]
[WhiteElo "1764"]
[BlackElo "1646"]
[Annotator "NA RC COMBH"]
[PlyCount "121"]
[EventDate "2022.07.21"]
[EventType "tourn"]
[EventCountry "HUN"]
[SourceTitle "playchess.com"]
[Source "ChessBase"]
[SourceQuality "1"]
[TimeControl "40/5400+30:1800+30"]

1. e4 c5 2. Nf3 d6 3. d4 cxd4 4. Nxd4 g6 5. c4 Bg7 6. Nc3 Nc6 7. Be3 Nf6 8. Be2 O-O 9. f3 Re8 10. Qd2 a6 11. O-O e6 12. Nc2 Ne7 13. Rfd1 d5 14. cxd5 exd5 15. exd5 Bf5 16. Rac1 Nexd5 17. Nxd5 Qxd5 18. Nd4 Rad8 19. Bc4 Qe5 20. Bf4 Qe7 21. Nxf5 gxf5 22. Bd6 Qe3+ 23. Qxe3 Rxe3 24. Bc5 Ree8 25. b3 Nd7 26. Bf2 Ne5 27. Bd5 b5 28. Bb6 Rb8 29. Bc7 Rbc8 30. Bb7 Bh6 31. Rc3 b4 32. Rc2 Be3+ 33. Kf1 Bb6 34. Bxc8 Rxc8 35. Rd8+ Rxd8 36. Bxd8 Bxd8 37. Rc8 Nc6 38. Rxc6 Kg7 39. Rxa6 Be7 40. Ke2 Bf8 41. Kd3 f6 42. Kc4 Kg6 43. Rb6 Kg5 44. Rxb4 Bxb4 45. Kxb4 Kf4 46. a4 Ke3 47. a5 Kf2 48. a6 Kxg2 49. a7 Kxh2 50. a8=Q Kg3 51. Qg8+ Kxf3 52. Qxh7 f4 53. Qh3+ Kf2 54. Qh2+ Kf3 55. Qg1 Ke2 56. Qg2+ Ke3 57. Qf1 f3 58. Kc4 f5 59. b4 f2 60. b5 f4 61. Qd3# 1-0

[Event "Hungarian Youth-ch U18 2022"]
[Site "Eger"]
[Date "2022.07.29"]
[Round "7.1"]
[White "Daroczi, Donat"]
[Black "Forgacs, Attila Jr."]
[Result "1/2-1/2"]
[ECO "C45"]
[WhiteElo "2163"]
[BlackElo "2215"]
[Annotator "TA"]
[PlyCount "49"]
[EventDate "2022.07.21"]
[EventType "tourn"]
[EventCountry "HUN"]
[SourceTitle "playchess.com"]
[Source "ChessBase"]
[SourceQuality "1"]
[TimeControl "40/5400+30:1800+30"]

1. e4 e5 2. Nf3 Nc6 3. d4 exd4 4. Nxd4 Nf6 5. Nxc6 bxc6 6. e5 Qe7 7. Qe2 Nd5 8. c4 Ba6 9. Nd2 g6 10. Nf3 {[%emt 0:00:27] C45: Scotch Game.} Qb4+ 11. Kd1 Bg7 12. Qd2 Qxd2+ 13. Bxd2 Nb6 14. b3 O-O-O (14... O-O $142) 15. Kc2 $11 d5 16. cxd5 Bxf1 17. Rhxf1 cxd5 {[%emt 0:01:07] [#]} 18. Be3 $146 (18. Rae1 $14) ({Predecessor:} 18. Rfe1 f6 19. exf6 Bxf6 20. Rac1 Rdf8 21. Kd3 Rf7 22. Rc2 Rg8 23. h3 g5 24. Be3 {½-½ (62) Bulanov,D (2376)-Vuilleumier,A (2326) Eilat 2012}) 18... Kb7 {[%emt 0:11:45] The position is equal.} 19. Bd4 Rc8 20. b4 Nc4 21. Rfe1 Rhe8 22. e6 Bxd4 23. Nxd4 fxe6 24. Nxe6 a5 25. b5 {[%emt 0:07:52] An even fight not without its subleties.  Weighted Error Value: White=0.08 (flawless) /Black=0.09 (flawless)} 1/2-1/2

[Event "Hungarian Youth-ch U18 2022"]
[Site "Eger"]
[Date "2022.07.29"]
[Round "7.2"]
[White "Baski, Barnabas"]
[Black "Juhasz, Agoston"]
[Result "0-1"]
[ECO "E09"]
[WhiteElo "2142"]
[BlackElo "2344"]
[Annotator "TA"]
[PlyCount "80"]
[EventDate "2022.07.21"]
[EventType "tourn"]
[EventCountry "HUN"]
[SourceTitle "playchess.com"]
[Source "ChessBase"]
[SourceQuality "1"]
[TimeControl "40/5400+30:1800+30"]

1. c4 e6 2. g3 d5 3. Bg2 Nf6 4. Nf3 Be7 5. O-O O-O 6. d4 Nbd7 7. Qc2 c6 8. Nbd2 b6 9. e4 dxc4 10. Nxc4 Bb7 11. Rd1 c5 12. Ng5 {[%emt 0:07:44] E09: Closed Catalan: Main Line: 7 Qc2 c6 8 Nbd2.} h6 {[%emt 0:03:31] aiming for ...cxd4.} 13. e5 Bxg2 14. exf6 {[%emt 0:01:06] [#] The position is equal.} Nxf6 {[%emt 0:00:39] Threatens to win with ...Bb7. Dancing on a razor blade.} 15. Kxg2 hxg5 16. dxc5 Qc7 $36 {[%emt 0:02:40][%mdl 2048] White is under pressure.} 17. cxb6 ({White should try} 17. Bxg5 $11 Rfc8 18. Bxf6 Bxf6 19. Nd6) 17... axb6 $15 18. Qe2 Nd5 (18... b5 $17 19. Ne5 Ra4) 19. Ne3 Nb4 20. a3 Nc6 $1 {[%emt 0:08:33] [#] Black is more active.} 21. Ng4 $146 {[%emt 0:10:16] Black continues to play with concentration.} (21. Nc2 $15) ({Predecessor:} 21. f3 Qb7 22. b3 Rfd8 23. Rxd8+ Rxd8 24. Bb2 Nd4 25. Bxd4 Rxd4 26. Rd1 Rxd1 27. Qxd1 Bxa3 {½-½ (65) Schepetkova,M (2244)-Garifullina,L (2131) Yaroslavl 2018}) 21... Rad8 $1 $17 {[%emt 0:07:29] Hoping for ...Rxd1.} 22. Rxd8 Qxd8 23. Qe4 {[%emt 0:02:34] [#]} (23. f3 $17) 23... Qd6 $1 $19 {[%emt 0:04:39] And now ...f5 would win.} 24. Ne3 f5 25. Qa4 f4 (25... Nd4 $142 26. Kh1 f4) 26. Ng4 $2 (26. Qe4 fxe3 27. Bxe3) 26... Qd5+ 27. Kg1 b5 28. Qc2 Nd4 29. Nh6+ Kh8 30. Qg6 Nf3+ 31. Kf1 Nxh2+ 32. Kg1 Nf3+ 33. Kf1 Nh2+ 34. Kg1 Nf3+ 35. Kf1 Ne5 (35... Qd1+ $142 36. Kg2 fxg3 37. Bxg5 Qxa1 38. Nf7+ {[#]} Rxf7 $1 39. Qxf7 Qg1+ 40. Kxf3 Qxf2+ 41. Kg4 Qxf7 42. Bxe7 Qxe7 43. Kxg3 Qf6 44. b4 g5 45. Kg4 Qf4+ 46. Kh3 Qf2 47. a4 Kh7 48. a5 Kg6 49. a6 Kh5 50. a7 g4#) 36. Qh5 gxh6 37. Qxh6+ Kg8 {[%emt 0:00:07] Black mates.} 38. gxf4 gxf4 39. Bxf4 Qc4+ 40. Kg2 Qe4+ {[%emt 0:00:00] Weighted Error Value: White=1.11/Black=0.62} 0-1